AoeStats
← Guará

Black Forest

509260203Analyzed
4v4 RM · 8d ago on Sep 26, 2026· 65m 42s· 8 players
Game mode
Random Map
Map size
Large (8 player)
Population
200
Speed
Normal
Resources
Standard
Victory
Conquest
Starting age
Dark Age
Ending age
Imperial Age
RankedLock teamsTeams togetherTeam positionsShared explorationLock speedFull tech treeHidden civsTurbo modeCheats
Victory
Defeat
🇪🇨 Maya · Ecuador
859
+13
🇮🇩 Khmer · Indonesia
834
+14
🇪🇨 Byzantines · Ecuador
718
+20
🇪🇨 Britons · Ecuador
708
+20
🇧🇷 Britons · Brazil
821
-18
🇵🇪 Lithuanians · Peru
804
-17
🇺🇸 Saxons · United States
770
-16
🇺🇸 Danes · United States
770
-16
wwwSHAKERnet
0:28 Loom
13:37 Feudal Age
21:00 Wheelbarrow
22:49 Castle Age
21:05 Fletching
21:16 Padded Archer Armor
23:01 Forging
22:51 Scale Mail Armor
22:40 Horse Collar
22:49 Double-Bit Axe
22:33 Man-at-Arms
24:01 Town Watch
24:55 Bodkin Arrow
25:35 Iron Casting
24:27 Crossbowman
27:17 Bow Saw
27:14 Long Swordsman
30:13 Heavy Plow
34:33 Gold Mining
35:03 Squires
34:49 Gambesons
34:50 Arson
34:26 Pikeman
35:27 Caravan
36:04 Town Patrol
39:42 Imperial Age
37:42 Chain Mail Armor
36:53 Elite Skirmisher
38:50 Leather Archer Armor
39:34 Hand Cart
40:09 Ballistics
39:49 Two-Handed Swordsman
41:33 Blast Furnace
41:05 Plate Mail Armor
40:53 Champion
41:50 Onager
43:28 Conscription
42:51 Capped Ram
43:05 Hamask
44:54 Onager
45:46 Siege Engineers
46:42 Chemistry
45:07 Northmen's Fury
46:19 Siege Onager
61:36 Halberdier
Stavinco
0:27 Loom
15:10 Feudal Age
16:42 Double-Bit Axe
17:02 Man-at-Arms
25:45 Castle Age
23:59 Horse Collar
24:29 Gold Mining
24:40 Stone Mining
25:49 Wheelbarrow
27:03 Bow Saw
31:59 Hand Cart
33:59 Gold Shaft Mining
34:41 Heavy Plow
35:21 Town Watch
36:36 Treadmill Crane
37:07 Fortified Wall
41:08 Imperial Age
38:41 Fletching
38:52 Padded Archer Armor
38:53 Crossbowman
39:41 Thumb Ring
40:00 Ballistics
39:41 Bodkin Arrow
39:16 Pikeman
39:42 Gambesons
39:58 Squires
39:47 Arson
40:17 Town Patrol
39:59 Elite Skirmisher
41:01 Leather Archer Armor
42:14 Conscription
42:00 Bracer
42:31 Ring Archer Armor
42:25 Caravan
44:12 Chemistry
42:56 Long Swordsman
42:59 Elite Varangian Guard
43:08 Shield Wall
44:44 Masonry
46:14 Forging
46:04 Scale Mail Armor
46:05 Arbalester
50:18 Iron Casting
51:39 Chain Mail Armor
57:33 Two-Man Saw
57:10 Plate Mail Armor
62:27 Halberdier
RONALDEX !!
0:35 Loom
15:50 Feudal Age
18:29 Double-Bit Axe
18:32 Horse Collar
27:27 Castle Age
26:05 Gold Mining
26:06 Stone Mining
26:34 Scale Barding Armor
26:29 Scale Mail Armor
26:40 Forging
29:23 Heavy Plow
33:49 Bow Saw
38:44 Imperial Age
36:49 Husbandry
37:19 Chain Mail Armor
37:26 Chain Barding Armor
37:41 Iron Casting
36:38 Pikeman
37:18 Squires
36:42 Man-at-Arms
37:17 Arson
37:37 Squires
40:23 Wheelbarrow
39:53 Cavalier
41:45 Two-Man Saw
41:24 Paladin
43:16 Crop Rotation
44:39 Plate Barding Armor
46:09 Halberdier
Guará
14:18 Feudal Age
16:11 Double-Bit Axe
18:23 Stone Mining
18:28 Gold Mining
21:07 Castle Age
19:34 Horse Collar
20:54 Wheelbarrow
20:37 Padded Archer Armor
20:28 Fletching
22:47 Bow Saw
27:52 Heavy Plow
30:30 Leather Archer Armor
33:20 Caravan
34:40 Hand Cart
35:23 Loom
35:24 Town Watch
36:03 Ballistics
37:36 Bodkin Arrow
38:01 Masonry
39:26 Yeomen
41:46 Imperial Age
39:20 Town Patrol
41:59 Yeomen
42:29 Bracer
43:00 Ring Archer Armor
43:36 Chemistry
43:09 Architecture
42:34 Elite Longbowman
44:04 Capped Ram
46:35 Two-Man Saw
sebchenko34
0:27 Loom
15:04 Feudal Age
15:40 Double-Bit Axe
17:09 Horse Collar
23:11 Castle Age
21:26 Gold Mining
22:01 Stone Mining
24:09 Wheelbarrow
25:07 Bow Saw
29:37 Heavy Plow
30:31 Caravan
31:56 Fletching
33:24 Eagle Warrior
34:05 Squires
34:19 Forging
35:57 Hand Cart
38:42 Imperial Age
36:57 Stone Shaft Mining
36:27 Padded Archer Armor
36:56 Treadmill Crane
37:36 Ballistics
37:45 Thumb Ring
37:36 Bodkin Arrow
37:42 Scale Mail Armor
38:02 Arson
38:57 Iron Casting
38:38 Leather Archer Armor
38:37 Masonry
39:24 Coinage
39:05 Town Watch
39:46 Conscription
38:52 Pikeman
40:10 Crop Rotation
39:57 Guilds
41:30 Chemistry
41:13 Elite Plumed Archer
42:24 Holcans
42:01 Elite Eagle Warrior
44:16 Blast Furnace
43:36 Chain Mail Armor
43:42 Fortified Wall
44:06 Bracer
46:06 Ring Archer Armor
45:05 Onager
47:12 Plate Mail Armor
49:31 Halberdier
53:34 Two-Man Saw
58:06 Banking
KAISER962605
0:29 Loom
12:48 Feudal Age
14:19 Double-Bit Axe
17:00 Stone Mining
18:08 Horse Collar
25:07 Castle Age
23:36 Fletching
23:46 Padded Archer Armor
23:56 Gold Mining
27:26 Gold Shaft Mining
34:16 Ballistics
34:19 Leather Archer Armor
35:10 Fortified Wall
37:30 Yeomen
37:08 Bodkin Arrow
41:40 Imperial Age
39:48 Wheelbarrow
42:34 Bracer
43:04 Ring Archer Armor
43:14 Caravan
43:25 Guilds
45:27 Chemistry
45:43 Elite Longbowman
50:03 Onager
59:14 Warwolf
john.civildem
13:28 Feudal Age
14:02 Gold Mining
14:01 Double-Bit Axe
14:27 Horse Collar
18:03 Wheelbarrow
26:33 Castle Age
24:40 Scale Barding Armor
24:36 Scale Mail Armor
28:32 Chain Barding Armor
28:28 Chain Mail Armor
28:57 Gold Shaft Mining
28:15 Stone Mining
29:58 Hand Cart
32:31 Stone Shaft Mining
35:29 Imperial Age
33:23 Bow Saw
34:52 Coinage
34:32 Heavy Plow
34:35 Pikeman
35:02 Gambesons
36:58 Cavalier
37:51 Greek Fire
39:05 Ballistics
38:56 Fortified Wall
38:43 Murder Holes
41:05 Crop Rotation
41:39 Logistica
44:17 Chemistry
44:43 Plate Barding Armor
48:07 Crossbowman
48:09 Elite Skirmisher
50:24 Banking
56:20 Paladin
heliopopsol
0:28 Loom
13:38 Feudal Age
13:39 Man-at-Arms
14:16 Arson
18:05 Wheelbarrow
17:17 Town Watch
17:17 Horse Collar
17:25 Double-Bit Axe
19:44 Stone Mining
19:45 Gold Mining
25:14 Castle Age
25:03 Forging
25:00 Scale Barding Armor
24:46 Fletching
25:00 Scale Mail Armor
26:22 Hand Cart
26:12 Long Swordsman
27:08 Heavy Plow
27:27 Bow Saw
29:22 Gold Shaft Mining
33:36 Stone Shaft Mining
33:49 Caravan
33:38 Pikeman
35:21 Tusk Swords
38:26 Imperial Age
36:40 Iron Casting
36:36 Town Patrol
38:28 Chain Barding Armor
38:30 Chain Mail Armor
38:34 Murder Holes
39:02 Ballistics
38:57 Masonry
40:33 Blast Furnace
40:09 Plate Barding Armor
39:33 Bodkin Arrow
40:28 Double Crossbow
40:13 Elite Ballista Elephant
41:18 Bloodlines
40:30 Light Cavalry
41:29 Husbandry
41:54 Conscription
41:29 Heavy Scorpion
44:07 Elite Battle Elephant
45:02 Halberdier
46:17 Hussar
52:03 Cavalier
Connection lost

Rejoining the realm…

Still unreachable

The connection could not be restored.

Session expired

The server has moved on; the page needs a fresh start.